 Dungeon Crawl Stone Soup version 0.31-a0-188-g5e087ee2ca (webtiles) character file.

Game seed: 11570295318014092210

445 qw the Skirmisher (level 6, -4/35 HPs)
             Began as a Deep Elf Hunter on June 22, 2023.
             Was an Initiate of Okawaru.
             Slain by a hornet (13 damage)
             ... on level 7 of the Dungeon.
             The game lasted 00:01:38 (3406 turns).

qw the Skirmisher (Deep Elf Hunter)                 Turns: 3406, Time: 00:01:39

Health: -4/35      AC: 11    Str: 10    XL:     6   Next: 72%
Magic:  8/8        EV:  9    Int: 14    God:    Okawaru [......]
Gold:   220        SH:  0    Dex: 18    Spells: 5/5 levels left

rFire   . . .        Y - +0 shortbow
rCold   . . .        (shield currently unavailable)
rNeg    . . .        h - +1 scale mail {rPois}
rPois   +            g - +2 helmet
rElec   .            (no cloak)
rCorr   .            d - +0 pair of gloves
SInv    .            (no boots)
Will    +....        i - amulet of regeneration
Stlth   +            f - ring of willpower
HPRegen 1.05/turn    (no ring)
MPRegen 0.11/turn

%: no passive effects
@: lethally poisoned (-4 -> -13)
A: no striking features
a: Renounce Religion


You were on level 7 of the Dungeon.
You worshipped Okawaru.
Okawaru was noncommittal.
You visited 2 branches of the dungeon, and saw 8 of its levels.

You collected 220 gold pieces.


   Skills:
 - Level 2.0 Fighting
 + Level 10.2 Ranged Weapons
 - Level 1.1 Armour
 - Level 2.4 Dodging
 - Level 1.2 Stealth


You had 5 spell levels left.
You didn't know any spells.
Your spell library was empty.

Inventory:

Hand Weapons
 Y - a +0 shortbow (weapon)
Armour
 d - a +0 pair of gloves (worn)
 g - a +2 helmet (worn)
 h - a +1 scale mail of poison resistance (worn)
Jewellery
 f - a ring of willpower (left hand)
 i - an amulet of regeneration (around neck)
Scrolls
 a - 3 scrolls of identify
 b - 3 scrolls of teleportation

Dungeon Overview and Level Annotations

Branches:
Dungeon (8/15)             Temple (1/1) D:5
   Lair: D:8-11

Altars:
Ashenzari
Cheibriados
Fedhas
Gozag
Kikubaaqudgha
Makhleb
Okawaru
Qazlal
Ru
Sif Muna
Trog
Wu Jian
Yredelemnul
Zin
The Shining One

Shops:
D:3 :

Annotations:
D:3 3 runed translucent doors, qw's ghost, amateur DEHu


Message History

You kill the quokka!
Okawaru accepts your kill.
A sourceless malevolence fills the Dungeon...
You fall into a shaft and drop 3 floors!
The shaft crumbles and collapses.
Found a book of Vapours.
Waypoint 6 assigned to D:8.
You now have 202 gold pieces (gained 15).
You now have 220 gold pieces (gained 18).
Found a stone staircase leading up.
Enter note:
(D) Dungeon (T) Temple
Where to? (* - list waypoints, Enter - D:5, ? - help)
What level of the Dungeon? (default 1, ? - help)
There is a stone staircase leading up here.
You climb upwards.
There is a stone staircase leading down here.
Waypoint 7 assigned to D:7.
Found a trident.
A hornet comes into view.
You shoot an arrow. The arrow closely misses the hornet.
The hornet buzzes angrily.
You shoot an arrow. The arrow closely misses the hornet.
You shoot an arrow. The arrow barely misses the hornet.
You shoot an arrow. The arrow hits the hornet!
The hornet is moderately wounded.
The hornet stings you! x2; You feel yourself slow down.
You shoot an arrow. The arrow hits the hornet.
The hornet is moderately wounded.
The hornet stings you but does no damage.
The hornet stings you.
You are poisoned.
The hornet stings you.
You are lethally poisoned!
You shoot an arrow. The arrow hits the hornet!
The hornet is heavily wounded.
You feel yourself speed up.
You feel extremely sick. The hornet stings you!
You die...

# #+# #.###.#
#...>.##
##.#...#
#.##..########
#..)..........
....##..@#####..
... ###.y# ..
..... # ###.....
###..# #..# ...
##


You could see a hornet.

Vanquished Creatures
  A howler monkey (D:3)
  An orc priest (D:4)
  2 sleepcaps (D:4)
  4 orc wizards
  7 adders
  3 gnolls (D:4)
  A white imp (D:5)
  A worm (D:2)
  3 dart slugs
  15 orcs
  7 endoplasms
  4 giant cockroaches
  6 hobgoblins
  3 jackals (D:1)
  4 quokkas
  8 ball pythons
  7 bats
  5 frilled lizards
  7 goblins
  10 kobolds
  12 rats
111 creatures vanquished.

Notes
Turn   | Place    | Note
-------+----------+-------------------------------------------
     0 | D:1      | qw the Deep Elf Hunter began the quest for the Orb.
     0 | D:1      | Reached XP level 1. HP: 12/12 MP: 3/3
     0 | D:1      | 0 ||| qw: Version: 0.3-a-9-g12657ce
     0 | D:1      | 0 ||| qw: Game counter: 2773
     0 | D:1      | 0 ||| qw: Always use a shield: true
     0 | D:1      | 0 ||| qw: God list: Okawaru
     0 | D:1      | 0 ||| qw: Allow faded altars: false
     0 | D:1      | 0 ||| qw: Do Orc after D:15 true
     0 | D:1      | 0 ||| qw: Do second Lair branch before Depths: true
     0 | D:1      | 0 ||| qw: Lair rune preference: random
     0 | D:1      | 0 ||| qw: Plans: Normal
     0 | D:1      | 0 ||| PLANNING D:1-11
    33 | D:1      | Reached XP level 2. HP: 16/16 MP: 4/4
    41 | D:1      | Reached skill level 6 in Ranged Weapons
   227 | D:1      | Reached XP level 3. HP: 15/20 MP: 5/5
   492 | D:1      | 492 ||| UPGRADING to +2 helmet.
   497 | D:1      | 497 ||| UPGRADING to +1 scale mail of poison resistance.
   507 | D:1      | 507 ||| DROPPING +0 leather armour.
   508 | D:1      | 508 ||| READING 3 scrolls labelled QUUMITS NURAEGG.
   509 | D:1      | 509 ||| READING scroll labelled GUDOECW VOGUG.
   514 | D:1      | 514 ||| READING scroll labelled MIWNETT ROUT.
   515 | D:1      | 515 ||| READING scroll labelled TILUCH YFRUN.
   516 | D:1      | 516 ||| READING scroll labelled XILI BYNIMNODEV.
   617 | D:1      | 617 ||| READING scroll labelled SANAUN XYHUARGH.
   618 | D:1      | 618 ||| DROPPING scroll of butterflies.
   634 | D:2      | 634 ||| STAIRDANCE
   641 | D:1      | Reached skill level 7 in Ranged Weapons
   653 | D:2      | 653 ||| STAIRDANCE
   946 | D:2      | Reached XP level 4. HP: 25/25 MP: 6/6
  1188 | D:2      | 1188 ||| READING scroll labelled OCECVE AGGIO.
  1189 | D:2      | 1189 ||| DRINKING 2 clear potions.
  1233 | D:3      | Identified the +2 leather armour "Losmeby" {Rampage Will-
                  | Int+3}
  1243 | D:3      | Found Rima's Vocational Training.
  1329 | D:3      | Found a glowing golden altar of the Shining One.
  1343 | D:3      | Noticed qw's ghost (amateur DEHu)
  1354 | D:3      | Found a runed translucent gate.
  1354 | D:3      | Found a runed translucent gate.
  1356 | D:3      | Found a runed translucent gate.
  1505 | D:3      | Found a blossoming altar of Fedhas.
  1505 | D:3      | Found a snail-covered altar of Cheibriados.
  1596 | D:3      | Reached skill level 8 in Ranged Weapons
  1745 | D:3      | 1745 ||| DROPPING +2 leather armour "Losmeby" {Rampage
                  | Will- Int+3}.
  1746 | D:3      | 1746 ||| UPGRADING to ring of willpower.
  1747 | D:3      | 1747 ||| READING scroll labelled QONIUPS GYPSYKH.
  1748 | D:3      | 1748 ||| READING scroll labelled NIUHYE OMMI.
  1749 | D:3      | 1749 ||| READING 4 scrolls of identify.
  1749 | D:3      | 1749 ||| IDENTIFYING bubbling purple potion
  1796 | D:4      | 1796 ||| STAIRDANCE
  1799 | D:3      | Reached XP level 5. HP: 22/29 MP: 7/7
  1939 | D:4      | 1939 ||| STAIRDANCE
  1950 | D:3      | HP: 7/29 [orc/+0 falchion (3)]
  1951 | D:3      | 1951 ||| READING 3 scrolls of teleportation.
  1952 | D:3      | 1952 ||| DRINKING potion of heal wounds.
  2109 | D:4      | 2109 ||| DRINKING potion of curing.
  2109 | D:4      | 2109 ||| (to cure confusion)
  2112 | D:4      | Reached skill level 9 in Ranged Weapons
  2241 | D:4      | Reached skill level 1 in Armour
  2353 | D:4      | Reached XP level 6. HP: 30/35 MP: 8/8
  2479 | D:4      | 2479 ||| DRINKING potion of curing.
  2479 | D:4      | 2479 ||| (to cure confusion)
  2579 | D:4      | HP: 8/35 [something (4)]
  2584 | D:4      | HP: 1/35 [something (3)]
  2983 | D:4      | 2983 ||| UPGRADING to +0 pair of gloves.
  2988 | D:4      | 2988 ||| UPGRADING to amulet of regeneration.
  2993 | D:4      | 2993 ||| READING scroll labelled MEG DUOROMP.
  3008 | D:4      | 3008 ||| READING scroll labelled PUWEUREUMU.
  3040 | D:5      | Entered Level 5 of the Dungeon
  3052 | D:5      | Found a staircase to the Ecumenical Temple.
  3053 | D:5      | 3053 ||| PLANNING TEMPLE
  3060 | D:5      | Reached skill level 10 in Ranged Weapons
  3078 | Temple   | Entered the Ecumenical Temple
  3079 | Temple   | 3079 ||| PLANNING OKAWARU WORSHIP
  3170 | Temple   | Became a worshipper of Warmaster Okawaru
  3171 | Temple   | 3171 ||| PLANNING D:1-11
  3210 | D:5      | 3210 ||| FLEEEEING.
  3273 | D:5      | You fall into a shaft and drop 3 floors!
  3400 | D:7      | Noticed a hornet
  3406 | D:7      | Slain by a hornet

Levels and vault maps discovered:
D:1:      lightli_arrival_boilingwater, layout_rooms, kennysheep_pointless_box,
          serial_bayou_pond_d, chequers_garden
D:2:      layout_basic, minmay_increasing_density
D:3:      layout_basic, tso_oasis_becter, gammafunk_temple_overflow_wave,
          gammafunk_ghost_split, nicolae_shop_vocational
D:4:      layout_gridville, dreamdust_mushroom_princess
D:5:      layout_loops_ring, nicolae_dithmenos_through_a_glass_darkly,
          grunt_temple_overflow_open, minmay_temple_entry_steel_oval,
          minmay_holes
D:7:      layout_basic, gammafunk_ghost_cemetery, uniq_joseph
D:8:      layout_basic, vehumet_statue
Temple:   nicolae_temple_hex_pool

Skill      XL: |  1  2  3  4  5  6 |
---------------+-------------------+-----
Ranged Weapons | 6 7 8 9 10 | 10.2
Armour         | 1 |  1.1
Fighting       | 2 |  2.0
Dodging        | |  2.4
Stealth        | |  1.2

Action                     |  1- 3 |  4- 6 || total
---------------------------+-------+-------++-------
   Fire: Shortbow          |   152 |   232 ||   384
    Use: Scroll            |     6 |     7 ||    13
         Potion            |       |     4 ||     4
 Armour: Leather armour    |    19 |       ||    19
         Scale mail        |    32 |   100 ||   132
  Dodge: Dodged            |    76 |    79 ||   155

Table legend:
 A = Non-vault XP
 B = Vault XP
 C = Vault XP percentage of total XP
 D = Non-vault monster count
 E = Vault monster count
 F = Vault count percentage of total count
                 A         B        C        D         E       F
            +---------+---------+-------+---------+---------+-------
      Total |     623 |      13 |   2.0 |     105 |       6 |   5.4
            +---------+---------+-------+---------+---------+-------
        D:1 |      66 |       1 |   1.5 |      34 |       1 |   2.9
        D:2 |      41 |      12 |  22.6 |      18 |       5 |  21.7
        D:3 |     110 |       0 |   0.0 |      18 |       0 |   0.0
        D:4 |     327 |       0 |   0.0 |      28 |       0 |   0.0
        D:5 |      79 |       0 |   0.0 |       7 |       0 |   0.0
            +---------+---------+-------+---------+---------+-------
